 Dungeon Crawl Stone Soup version 0.32-a0-772-g33df2375a9 (webtiles) character file.

Game seed: 3960674731796953201

140 Ajdolov the Trooper (level 5, -2/43 HPs)
             Began as a Coglin Hexslinger on Mar 19, 2024.
             Incinerated by a bombardier beetle (4 damage)
             ... with a burning spray
             ... on level 3 of the Dungeon.
             The game lasted 00:02:34 (1385 turns).

Ajdolov the Trooper (Coglin Hexslinger)             Turns: 1385, Time: 00:02:35

Health: -2/43      AC:  2    Str:  8    XL:     5   Next: 23%
Magic:  4/6        EV: 11    Int: 13    God:
Gold:   15         SH:  0    Dex: 18    Spells: 4/6 levels left

rFire   . . .        a - +1 sling {Xiuhtonal}
rCold   . . .        d - -2 sling {Wolf}
rNeg    . . .        c - +0 robe
rPois   .            (no helmet)
rElec   .            (no cloak)
rCorr   .            (no gloves)
SInv    .            (no boots)
Will    .....        (amulet unavailable)
Stlth   +            (ring unavailable)
HPRegen 0.27/turn    (ring unavailable)
MPRegen 0.10/turn    (no gizmo)

%: no passive effects
@: on fire, weak-willed, glowing, revving
A: off-hand wielding, slow wielding, warmup strikes, no jewellery
a: Invent Gizmo


You were on level 3 of the Dungeon.
You visited 1 branch of the dungeon, and saw 3 of its levels.

You collected 15 gold pieces.

Inventory:

Hand Weapons
 a - a +1 sling (weapon) {Xiuhtonal}
 d - a -2 sling (offhand) {Wolf}
Missiles
 g - a throwing net
Armour
 c - a +0 robe (worn)
Scrolls
 b - a scroll of poison
 e - a scroll of fog {unknown}
 f - a scroll of teleportation {unknown}
 j - 2 scrolls of enchant armour {unknown}
 k - 2 scrolls of identify {unknown}
Potions
 h - a potion of berserk rage {unknown}
 i - a potion of curing {unknown}
 l - a potion of attraction {unknown}


   Skills:
 + Level 4.9 Fighting
 - Level 1.7 Ranged Weapons
 - Level 1.7 Dodging
 - Level 1.0 Spellcasting
 - Level 2.6 Hexes
 - Level 0.8 Fire Magic


You had 4 spell levels left.
You knew the following spells:

 Your Spells              Type           Power      Damage    Failure   Level
a - Jinxbite              Hex            14%        N/A       14%         2

Your spell library contained the following spells:

 Spells                   Type           Power      Damage    Failure   Level
 Ensorcelled Hibernation  Hex/Ice        8%         N/A       24%         2
 Sigil of Binding         Hex            7%         N/A       28%         3
 Inner Flame              Hex/Fire       5%         N/A       38%         3
 Fugue of the Fallen      Necr           0%         N/A       63%         3
 Cause Fear               Hex            3%         N/A       67%         4
 Anguish                  Hex/Necr       2%         N/A       85%         4
 Dimensional Bullseye     Hex/Tloc       2%         N/A       85%         4
 Olgreb's Toxic Radiance  Alch           0%         N/A       95%         4
 Ozocubu's Refrigeration  Ice            0%         4d7       100%        7
 Discord                  Hex            3%         N/A       100%        8


Dungeon Overview and Level Annotations

Branches:
Dungeon (3/15)

Altars:
Ashenzari

Shops:
D:1 *[[


Innate Abilities, Weirdness & Mutations

You can wield a second weapon in your off-hand.
It takes a long time for you to wield or remove held weapons.
Your first few attacks do less damage.
You cannot equip rings or amulets.


Message History

A giggling sprite leaps out and smacks the bombardier beetle with its own antenna.
The bombardier beetle is severely wounded.
The liquid fire burns you!
The jinxing sprites lose interest in you.
You shoot a sling bullet.
The sling bullet hits the bombardier beetle.
The bombardier beetle is severely wounded.
You shoot a sling bullet.
The sling bullet hits the bombardier beetle but does no damage.
The bombardier beetle is severely wounded.
The liquid fire burns you!
You shoot a sling bullet.
The sling bullet hits the bombardier beetle but does no damage.
The bombardier beetle is severely wounded.
You shoot a sling bullet.
The sling bullet hits the bombardier beetle.
The bombardier beetle is almost dead.
The liquid fire burns you!
You shoot a sling bullet.
The sling bullet hits the bombardier beetle.
You kill the bombardier beetle!
You shoot a sling bullet. The liquid fire burns you!
You have reached level 5!
The liquid fire burns you! The liquid fire burns you!
The liquid fire burns you! The liquid fire burns you!
The liquid fire burns you!
* * * LOW HITPOINT WARNING * * *
The liquid fire burns you!
* * * LOW HITPOINT WARNING * * *
The liquid fire burns you!
* * * LOW HITPOINT WARNING * * *
The liquid fire burns you!
* * * LOW HITPOINT WARNING * * *
The liquid fire burns you!
* * * LOW HITPOINT WARNING * * *
The liquid fire burns you!
You die...

#########
.....†..#
#.@# #..#
#..# ...#
###.# ..#
.## .


There were no monsters in sight!

Vanquished Creatures
  A bombardier beetle (D:3)
  A gnoll (D:1)
  4 adders (D:2)
  2 ribbon worms (D:2)
  A dart slug (D:1)
  3 ball pythons
  6 bats
  5 endoplasms
  2 giant cockroaches
  7 goblins
  4 hobgoblins
  3 jackals (D:1)
  4 frilled lizards
  5 kobolds
  A rat (D:1)
49 creatures vanquished.

Notes
Turn   | Place    | Note
-------+----------+-------------------------------------------
     0 | D:1      | Ajdolov the Coglin Hexslinger began the quest for the Orb.
     0 | D:1      | Reached XP level 1. HP: 15/15 MP: 2/2
   134 | D:1      | Found Zeelusir's Armour Emporium.
   166 | D:1      | Found Sosol's Antique Armour Shoppe.
   191 | D:1      | Reached skill level 2 in Fighting
   191 | D:1      | Reached XP level 2. HP: 22/22 MP: 3/3
   201 | D:1      | Learned a level 2 spell: Jinxbite
   207 | D:1      | Found Duxan's Assorted Antiques.
   602 | D:1      | Reached XP level 3. HP: 28/28 MP: 4/4
   612 | D:1      | Reached skill level 3 in Fighting
   858 | D:2      | Found a broken altar of Ashenzari.
   968 | D:2      | Reached XP level 4. HP: 37/37 MP: 5/5
   999 | D:2      | Reached skill level 4 in Fighting
  1376 | D:3      | Reached XP level 5. HP: 24/43 MP: 3/6
  1384 | D:3      | HP: 2/43 [burnt (3)]
  1385 | D:3      | Incinerated by a bombardier beetle

Illustrated notes

Levels and vault maps discovered:
D:1:      sevenhm_arrival_forest_fort_small_3, layout_basic, serial_shops,
          nicolae_shop_tiny_waterfront, shop, nicolae_diamond_shop, st_stairs_4,
          hangedman_decor_push
D:2:      minmay_skewed_foursquare, layout_rooms, basic_altar, minmay_vboxes
D:3:      layout_loops_ring, nicolae_sif_muna_little_library, serial_glass,
          glass_columns_b, glass_columns_c, glass_columns_c, glass_columns_a,
          uniq_crazy_yiuf_cottage

Skill      XL: |  1  2  3  4 |
---------------+-------------+-----
Fighting       | 2 3 4 |  4.9
Ranged Weapons | |  1.7
Dodging        | |  1.7
Spellcasting   | |  1.0
Hexes          | |  2.6
Fire Magic     | |  0.8

Action                     |  1- 3 |  4- 6 || total
---------------------------+-------+-------++-------
   Fire: Sling             |   148 |    66 ||   214
   Cast: Jinxbite          |     3 |     2 ||     5
 Armour: Robe              |    11 |    12 ||    23
  Dodge: Dodged            |    12 |     9 ||    21

Table legend: (Time is in decaauts)
 A = Elapsed time spent in this place.
 B = Non-inter-level travel time spent in this place.
 C = Inter-level travel time spent in this place.
 D = Time resting spent in this place.
 E = Time spent auto-exploring this place.
 F = Levels seen in this place.
 G = Mean time per level.
                   A        B        C        D        E       F      G
               +--------+--------+--------+--------+--------+-----+--------+
         Total |   1418 |   1298 |    120 |      0 |   1042 |   3 |  472.7 |
       Dungeon |   1418 |   1298 |    120 |      0 |   1042 |   3 |  472.7 |
               +--------+--------+--------+--------+--------+-----+--------+

Top non-repeatable levels by time:
     D:1: 770 daAuts
     D:2: 628 daAuts
     D:3: 18 daAuts
